 Dungeon Crawl Stone Soup version 0.31-a0-182-gc5ef74bbde (webtiles) character file.

Game seed: 8073137747494040072

102 qw the Shooter (level 4, -4/40 HPs)
             Began as a Naga Hunter on June 20, 2023.
             Slain by a scorpion (6 damage)
             ... on level 3 of the Dungeon.
             The game lasted 00:00:40 (1872 turns).

qw the Shooter (Naga Hunter)                        Turns: 1872, Time: 00:00:41

Health: -4/40      AC:  3    Str: 13    XL:     4   Next: 78%
Magic:  4/4        EV: 14    Int:  9    God:
Gold:   48         SH:  0    Dex: 17    Spells: 3/3 levels left

rFire   . . .        Y - +1 shortbow
rCold   . . .        (shield currently unavailable)
rNeg    . . .        c - +0 leather armour
rPois   +            (no helmet)
rElec   .            (no cloak)
rCorr   .            g - +0 pair of gloves
SInv    +            (no barding)
Will    .....        (no amulet)
Stlth   ++           b - +5 ring of evasion
HPRegen 0.26/turn    (no ring)
MPRegen 0.09/turn

%: no passive effects
@: lethally poisoned (-4 -> -8), short of breath, very slow
A: AC +1, large, see invisible, deformed body, poison resistance, slowness 2,
spit poison 1, naga tail 1
a: Spit Poison


You were on level 3 of the Dungeon.
You visited 1 branch of the dungeon, and saw 4 of its levels.

You collected 48 gold pieces.


Innate Abilities, Weirdness & Mutations

Your serpentine skin is tough. (AC +1)
You have supernaturally acute eyesight. (SInv)
Armour fits poorly on your strangely shaped body.
Your system is resistant to poisons. (rPois)
You cover ground very slowly.
You can spit poison.
You have a snake-like lower body.


   Skills:
 + Level 2.8 Fighting
 - Level 5.1 Ranged Weapons
 - Level 1.5 Dodging
 - Level 1.5 Stealth


You had 3 spell levels left.
You didn't know any spells.
Your spell library was empty.

Inventory:

Hand Weapons
 Y - a +1 shortbow (weapon)
Armour
 c - a +0 leather armour (worn)
 g - a +0 pair of gloves (worn)
Jewellery
 b - a +5 ring of evasion (left hand)
Wands
 a - a wand of digging (3)
Scrolls
 e - 3 scrolls of identify
Potions
 d - a potion of cancellation
 j - a potion of curing

Dungeon Overview and Level Annotations

Branches:
Dungeon (4/15)
 Temple: D:4-7

Altars:
Ashenzari

Shops:
D:1 *[


Message History

The scorpion stings you. The orc hits you with a +0 hand axe.
You climb upwards.
You feel sick.
There is a stone staircase leading down here.
1864 ||| INVOKING Spit Poison.
Aiming: Spit Poison (1% risk of failure)
Press: ? - help, Shift-Dir - straight line, f - orc The splash of poison misses the orc.
You feel sick. The scorpion stings you. The orc closely misses you.
The scorpion closely misses you.
You shoot an arrow. The arrow closely misses the orc.
You feel sick. The orc closely misses you. The scorpion barely misses you.
You shoot an arrow. The arrow barely misses the orc.
You feel sick. The orc hits you but does no damage. The scorpion stings you.
You shoot an arrow. The arrow hits the orc.
The orc is almost dead.
You feel sick. The scorpion barely misses you. The orc closely misses you.
The scorpion misses you. The orc misses you.
You shoot an arrow. The arrow hits the orc.
You kill the orc!
You feel sick.
You are no longer poisoned.
The scorpion misses you.
You shoot an arrow.
The arrow completely misses the scorpion.
The scorpion stings you. The scorpion closely misses you.
You shoot an arrow.
The arrow hits the scorpion but does no damage.
You have got your breath back.
The scorpion stings you.
You are poisoned.
The scorpion poisons you!
1871 ||| INVOKING Spit Poison.
Aiming: Spit Poison (1% risk of failure)
Press: ? - help, Shift-Dir - straight line, f/p - scorpion The splash of poison hits the scorpion.
The scorpion is poisoned.
The scorpion is moderately wounded.
You feel sick. The scorpion stings you!
You shoot an arrow. The arrow barely misses the scorpion.
You feel sick. The scorpion stings you.
You die...

### #.# #..# ####.# ######..##
#....# #......._. # #.####
#.##.##... ## #.# #.##.#....
.### #.# ######## #.##.#....
...######.#####..##..#
#.##.#....
.#......>....#8..8##.#
#.##.#..#.
##.######.#.....@....#
#.##.#..#. ##.# ##.#.#..s.)...#
#.##.#..#. #.#####..).(#8..8#..#
#.##.#..#.
#.......###.##..##..###?##.#..#.
#.#####.# #......).....[........
#.# #.###.######....######....
##.# #.....# #.......# ##.##
.#.######...## ##...##.# #.#
.#........### ##.###.# #.#


You could see a scorpion (poisoned).

Vanquished Creatures
  A jelly (D:3)
  2 adders (D:3)
  A worm (D:3)
  An orc (D:3)
  5 bats
  8 endoplasms
  5 goblins
  4 hobgoblins
  3 quokkas
  6 ball pythons
  5 kobolds
  6 rats
47 creatures vanquished.

Notes
Turn   | Place    | Note
-------+----------+-------------------------------------------
     0 | D:1      | qw the Naga Hunter began the quest for the Orb.
     0 | D:1      | Reached XP level 1. HP: 19/19 MP: 1/1
     0 | D:1      | 0 ||| qw: Version: 0.3-a-9-g12657ce
     0 | D:1      | 0 ||| qw: Game counter: 1300
     0 | D:1      | 0 ||| qw: Always use a shield: true
     0 | D:1      | 0 ||| qw: God list: Okawaru
     0 | D:1      | 0 ||| qw: Allow faded altars: false
     0 | D:1      | 0 ||| qw: Do Orc after D:15 true
     0 | D:1      | 0 ||| qw: Do second Lair branch before Depths: true
     0 | D:1      | 0 ||| qw: Lair rune preference: random
     0 | D:1      | 0 ||| qw: Plans: Normal
     0 | D:1      | 0 ||| PLANNING D:1-11
    16 | D:1      | 16 ||| INVOKING Spit Poison.
    31 | D:1      | 31 ||| INVOKING Spit Poison.
    34 | D:1      | 34 ||| INVOKING Spit Poison.
    50 | D:1      | Found Eptin's General Store.
    52 | D:1      | 52 ||| READING scroll labelled OCONNI WUESCH.
    53 | D:1      | 53 ||| DROPPING scroll of butterflies.
    57 | D:1      | 57 ||| INVOKING Spit Poison.
    74 | D:1      | 74 ||| SHOPLISTING potion of cancellation (80 gold, have
                  | 0).
    74 | D:1      | 74 ||| SHOPLISTING potion of heal wounds (50 gold, have 0).
    74 | D:1      | 74 ||| SHOPLISTING scroll of identify (20 gold, have 0).
    92 | D:1      | 92 ||| INVOKING Spit Poison.
   102 | D:1      | 102 ||| INVOKING Spit Poison.
   105 | D:1      | Reached skill level 4 in Ranged Weapons
   105 | D:1      | Reached XP level 2. HP: 26/26 MP: 2/2
   118 | D:1      | 118 ||| INVOKING Spit Poison.
   214 | D:1      | 214 ||| INVOKING Spit Poison.
   227 | D:1      | 227 ||| INVOKING Spit Poison.
   233 | D:1      | 233 ||| INVOKING Spit Poison.
   238 | D:1      | 238 ||| INVOKING Spit Poison.
   294 | D:1      | 294 ||| INVOKING Spit Poison.
   300 | D:1      | 300 ||| INVOKING Spit Poison.
   322 | D:1      | Found Kibuzaps's Armour Boutique.
   336 | D:1      | 336 ||| SHOPLISTING +0 leather armour of Springtime {rN+
                  | Dex+2 Stlth+} (282 gold, have 35).
   336 | D:1      | 336 ||| SHOPLISTING +2 robe of cold resistance (247 gold,
                  | have 35).
   336 | D:1      | 336 ||| SHOPLISTING +2 robe of positive energy (205 gold,
                  | have 35).
   344 | D:1      | 344 ||| INVOKING Spit Poison.
   355 | D:1      | 355 ||| INVOKING Spit Poison.
   369 | D:1      | 369 ||| INVOKING Spit Poison.
   451 | D:1      | 451 ||| INVOKING Spit Poison.
   453 | D:1      | Reached XP level 3. HP: 32/32 MP: 3/3
   621 | D:1      | 621 ||| UPGRADING to +5 ring of evasion.
   622 | D:1      | 622 ||| READING scroll labelled NOMYC ROLILA.
   916 | D:2      | Found a broken altar of Ashenzari.
  1008 | D:2      | 1008 ||| INVOKING Spit Poison.
  1076 | D:2      | Identified the +9 spear "Killer Bee's Bane" {flame, rC-
                  | rCorr Int+2}
  1284 | D:2      | 1284 ||| UPGRADING to +0 pair of gloves.
  1289 | D:2      | 1289 ||| READING scroll labelled NOEMIO ZYCA.
  1290 | D:2      | 1290 ||| READING 6 scrolls of identify.
  1290 | D:2      | 1290 ||| IDENTIFYING murky ruby potion
  1305 | D:3      | 1305 ||| INVOKING Spit Poison.
  1329 | D:3      | 1329 ||| INVOKING Spit Poison.
  1344 | D:3      | 1344 ||| INVOKING Spit Poison.
  1354 | D:3      | 1354 ||| INVOKING Spit Poison.
  1360 | D:3      | Reached skill level 5 in Ranged Weapons
  1360 | D:3      | Reached XP level 4. HP: 39/39 MP: 4/4
  1398 | D:3      | 1398 ||| INVOKING Spit Poison.
  1420 | D:3      | 1420 ||| INVOKING Spit Poison.
  1442 | D:3      | 1442 ||| INVOKING Spit Poison.
  1457 | D:3      | 1457 ||| INVOKING Spit Poison.
  1461 | D:3      | 1461 ||| INVOKING Spit Poison.
  1511 | D:3      | 1511 ||| INVOKING Spit Poison.
  1512 | D:3      | 1512 ||| INVOKING Spit Poison.
  1537 | D:3      | 1537 ||| INVOKING Spit Poison.
  1592 | D:3      | 1592 ||| INVOKING Spit Poison.
  1717 | D:3      | Found a faded altar of an unknown god.
  1821 | D:3      | 1821 ||| READING 4 scrolls labelled UNLOETSA CUHE.
  1822 | D:3      | 1822 ||| READING scroll labelled XUYFEADAGHEX.
  1823 | D:3      | 1823 ||| READING scroll labelled JAOTAO LIAP.
  1824 | D:3      | 1824 ||| READING 5 scrolls of identify.
  1824 | D:3      | 1824 ||| IDENTIFYING metallic purple potion
  1825 | D:3      | 1825 ||| READING 4 scrolls of identify.
  1825 | D:3      | 1825 ||| IDENTIFYING emerald potion
  1826 | D:3      | 1826 ||| DROPPING potion of brilliance.
  1827 | D:3      | 1827 ||| DROPPING 3 scrolls of poison.
  1838 | D:4      | 1838 ||| INVOKING Spit Poison.
  1840 | D:4      | Noticed a scorpion
  1841 | D:4      | 1841 ||| INVOKING Spit Poison.
  1845 | D:4      | 1845 ||| STAIRDANCE
  1862 | D:4      | 1862 ||| STAIRDANCE
  1864 | D:3      | 1864 ||| INVOKING Spit Poison.
  1871 | D:3      | 1871 ||| INVOKING Spit Poison.
  1871 | D:3      | HP: 9/40 [poisoned by a scorpion]
  1871 | D:3      | HP: 2/40 [scorpion (7)]
  1872 | D:3      | Slain by a scorpion

Levels and vault maps discovered:
D:1:      lemuel_arrival_rhombus, layout_basic, serial_shops,
          nicolae_shop_tiny_glass, shop
D:2:      layout_basic, basic_altar
D:3:      layout_loops_ring, basic_ecumenical_altar, st_stairs_6
D:4:      layout_cave_pods, nicolae_goblin_pals, uniq_menkaure,
          uniq_blork_the_orc, uniq_duvessa

Skill      XL: |  1  2  3 |
---------------+----------+-----
Ranged Weapons | 4 5 |  5.1
Fighting       | |  2.8
Dodging        | |  1.5
Stealth        | |  1.5

Action                     |  1- 3 |  4- 6 || total
---------------------------+-------+-------++-------
   Fire: Shortbow          |    57 |    29 ||    86
Ability: Spit Poison       |    22 |    12 ||    34
    Use: Scroll            |     4 |     5 ||     9
 Armour: Leather armour    |     4 |     2 ||     6
  Dodge: Dodged            |     7 |    15 ||    22

Table legend:
 A = Non-vault XP
 B = Vault XP
 C = Vault XP percentage of total XP
 D = Non-vault monster count
 E = Vault monster count
 F = Vault count percentage of total count
                 A         B        C        D         E       F
            +---------+---------+-------+---------+---------+-------
      Total |     146 |       1 |   0.7 |      46 |       1 |   2.1
            +---------+---------+-------+---------+---------+-------
        D:1 |      37 |       0 |   0.0 |      22 |       0 |   0.0
        D:2 |      11 |       0 |   0.0 |       6 |       0 |   0.0
        D:3 |      94 |       1 |   1.1 |      16 |       1 |   5.9
        D:4 |       4 |       0 |   0.0 |       2 |       0 |   0.0
            +---------+---------+-------+---------+---------+-------
